 Dungeon Crawl Stone Soup version 0.28-a0-1506-g3893175d92 (webtiles) character file.

Game seed: 12032886958190661152

22 HallandMoats the Vandal (level 2, 0/25 HPs)
             Began as a Ghoul Hunter on Jan 14, 2022.
             Was a Believer of Lugonu.
             Slain by a goblin (2 damage)
             ... on level 2 of the Dungeon.
             The game lasted 00:00:36 (788 turns).

HallandMoats the Vandal (Ghoul Hunter)               Turns: 788, Time: 00:00:37

Health: 0/25       AC:  3    Str: 15    XL:     2   Next: 91%
Magic:  1/1        EV: 11    Int:  6    God:    Lugonu [**....]
Gold:   30         SH:  0    Dex:  9    Spells: 1/1 levels left

rFire   . . .      SeeInvis .   b - +0 short sword
rCold   + . .      Faith    .   (no shield)
rNeg    + + +      Spirit   .   c - +0 leather armour
rPois   ∞          Reflect  .   (no helmet)
rElec   .          Harm     .   (no cloak)
rCorr   .          Rampage  .   (no gloves)
Will    .....                   (no boots)
Stlth   +.........              (no amulet)
HPRegen 0.00/turn               (no ring)
MPRegen 0.07/turn               (no ring)

@: inhibited regen
A: claws 1, cold resistance 1, negative energy resistance 3, inhibited
regeneration, torment resistance 2
a: Renounce Religion, Depart the Abyss, Bend Space


You were on level 2 of the Dungeon.
You worshipped Lugonu.
Lugonu was pleased with you.
You visited 1 branch of the dungeon, and saw 2 of its levels.

You collected 30 gold pieces.

Inventory:

Hand Weapons
 a - a +1 hunting sling
 b - a +0 short sword (weapon)
Missiles
 d - 14 sling bullets
 f - 30 stones
Armour
 c - a +0 leather armour (worn)
Jewellery
 g - a ring of magical power
 k - a ring of protection from fire
Scrolls
 e - a scroll of vulnerability {unknown}
 h - a scroll of teleportation {unknown}
 i - a scroll of torment {unknown}
 j - a scroll of enchant armour {unknown}
 l - a scroll of blinking {unknown}


   Skills:
 * Level 2.8 Fighting
 + Level 3.7 Slings
 + Level 0.7 Armour
 + Level 2.0 Dodging
 - Level 1.1 Stealth


You had one spell level left.
You didn't know any spells.
Your spell library was empty.

Dungeon Overview and Level Annotations

Branches:
Dungeon (2/15)

Altars:
Lugonu

Shops:
D:1 (


Innate Abilities, Weirdness & Mutations

You thrive by killing the living.
You are immune to poison.
You have sharp fingernails.
Your flesh is cold resistant. (rC+)
You are immune to negative energy. (rN+++)
You do not regenerate when monsters are visible.
You are immune to unholy pain and torment.


Message History

The endoplasm freezes you.
You are frozen.
You resist.
A goblin comes into view. It is wielding a +0 dagger.
The endoplasm closely misses you.
The goblin shouts!
You hear a shout!
You hear an angry hiss.
The endoplasm hits you but does no damage.
The endoplasm hits you but does no damage.
The endoplasm freezes you.
You are frozen.
You resist.
A goblin comes into view. It is wielding a +0 club.
The endoplasm freezes you.
You are frozen.
You resist. The endoplasm freezes you.
You are frozen.
You resist. The endoplasm closely misses you. The goblin barely misses you.
The endoplasm hits you but does no damage.
The goblin barely misses you. The endoplasm freezes you.
You are frozen.
You resist. The goblin barely misses you. The endoplasm freezes you.
You are frozen.
You resist. The goblin hits you but does no damage.
The goblin closely misses you. The endoplasm closely misses you.
The goblin hits you with a +0 dagger. The goblin hits you but does no damage.
The endoplasm hits you. The goblin hits you but does no damage.
The goblin hits you with a +0 club.
* * * LOW HITPOINT WARNING * * *
The endoplasm freezes you.
You are frozen.
You resist.
* * * LOW HITPOINT WARNING * * *
The goblin completely misses you. The goblin barely misses you.
The endoplasm misses you. The goblin hits you with a +0 dagger.
* * * LOW HITPOINT WARNING * * *
The goblin barely misses you.
The endoplasm hits you but does no damage.
The goblin hits you with a +0 dagger.
You die...

#.#.##.#
#......#
####.####
#......#
#.#....#
#...#..#
#..###.#
#...#..#
#.#.J@.#
#...gg.#
####.###
.. #..
#.. #..
...


You could see an endoplasm and 2 goblins.

Vanquished Creatures
  2 dart slugs (D:1)
  2 endoplasms (D:1)
  A giant cockroach (D:1)
  4 jackals (D:1)
  A quokka (D:1)
  3 ball pythons (D:1)
  2 goblins (D:1)
  3 rats (D:1)
18 creatures vanquished.

Notes
Turn   | Place    | Note
-------+----------+-------------------------------------------
     0 | D:1      | HallandMoats the Ghoul Hunter began the quest for the Orb.
     0 | D:1      | Reached XP level 1. HP: 17/17 MP: 0/0
   227 | D:1      | Reached XP level 2. HP: 24/25 MP: 1/1
   413 | D:1      | Found Hukh's Weapon Shoppe.
   449 | D:1      | Found a faded altar of an unknown god.
   527 | D:1      | Prayed at the altar of an unknown god.
   527 | D:1      | Became a worshipper of Lugonu the Unformed
   527 | D:1      | Reached * piety under Lugonu
   527 | D:1      | Reached ** piety under Lugonu
   788 | D:2      | Slain by a goblin

Illustrated notes

Levels and vault maps discovered:
D:1:      scummos_arrival_checkerplants, layout_loops_cross, serial_shops,
          nicolae_shop_bloodbath_and_beyond, ebering_ecumenical_altar_box
D:2:      layout_loops_cross, basic_altar, serial_shops, nicolae_shop_waterfront

Skill      XL: |  1  2 |
---------------+-------+-----
Dodging        | 2 |  2.0
Fighting       | |  2.8
Slings         | |  3.7
Armour         | |  0.7
Stealth        | |  1.1

Action                   || total
-------------------------++-------
 Fire: Hunting sling     ||    35
Armor: Leather armour    ||     9
Dodge: Dodged            ||    25

Table legend: (Time is in decaauts)
 A = Elapsed time spent in this place.
 B = Non-inter-level travel time spent in this place.
 C = Inter-level travel time spent in this place.
 D = Time resting spent in this place.
 E = Time spent auto-exploring this place.
 F = Levels seen in this place.
 G = Mean time per level.
                   A        B        C        D        E       F      G
               +--------+--------+--------+--------+--------+-----+--------+
         Total |    788 |    759 |     29 |      0 |    626 |   2 |  394.0 |
       Dungeon |    788 |    759 |     29 |      0 |    626 |   2 |  394.0 |
               +--------+--------+--------+--------+--------+-----+--------+

Top non-repeatable levels by time:
     D:1: 739 daAuts
     D:2: 48 daAuts
